 Dungeon Crawl Stone Soup version 0.17-a0-1701-gf693a3f (webtiles) character file.

315 Kidiri the Magician (level 6, -5/51 HPs)
             Began as a Deep Elf Fire Elementalist on Aug 21, 2015.
             Killed from afar by Ajdolov's ghost (6 damage)
             ... with a magic dart
             ... on level 4 of the Dungeon.
             The game lasted 00:25:07 (4633 turns).

Kidiri the Magician (Deep Elf Fire Elementalist)    Turns: 4633, Time: 00:25:07

Health: -5/51      AC: 23    Str: 10    XL:     6   Next: 19%
Magic:  13/15      EV:  2    Int: 19    God:
Gold:   164        SH:  6    Dex: 15    Spells: 4 memorised, 5 levels left

rFire  . . .     SeeInvis .     e - +0 short sword
rCold  . . .     Clarity  .     (armour currently unavailable)
rNeg   + + +     SustAt   .     m - +2 buckler
rPois  +         Gourm    .     (helmet currently unavailable)
rElec  .         Spirit   .     (cloak currently unavailable)
rCorr  .         Warding  .     (gloves currently unavailable)
rMut   .         NoTele   +     (boots currently unavailable)
MR     .....                    (no amulet)
Stlth  +++.......               q - ring of wizardry
                                n - -3 ring of intelligence (curse)

@: mighty, tree-form, not resistant to hostile enchantments, fairly stealthy
A: no striking features
a: no special abilities


You were on level 4 of the Dungeon.
You were not hungry.
You were a tree.
You visited 1 branch of the dungeon, and saw 4 of its levels.

You collected 164 gold pieces.

Inventory:

Hand weapons
 e - a +0 short sword (weapon)
Armour
 g - the cursed +0 helmet of Lugonu's Envy (melded) {Int+4}
   (You took it off Robin on level 2 of the Dungeon)

   It affects your intelligence (+4).
   It has a curse placed upon it.
 k - a +0 cloak (melded)
 l - a +2 leather armour (melded)
 m - a +2 buckler (worn)
Jewellery
 n - a cursed -3 ring of intelligence (left branch)
 q - a ring of wizardry (right branch)
Scrolls
 d - 2 scrolls of teleportation
Potions
 c - 2 potions of flight
 f - a potion of cancellation
Books
 b - a book of Flames

   Spells                             Type                      Level
   a - Flame Tongue                   Conjuration/Fire             1
   b - Throw Flame                    Conjuration/Fire             2
   c - Conjure Flame                  Conjuration/Fire             3
   d - Inner Flame                    Hexes/Fire                   3
   e - Sticky Flame                   Conjuration/Fire             4
   f - Fireball                       Conjuration/Fire             5
Comestibles
 a - 8 chunks of flesh
 i - a slice of pizza
 j - a beef jerky
 s - a bread ration
 t - a meat ration


   Skills:
 + Level 1.2 Fighting
 + Level 1.2 Armour
 * Level 4.3 Dodging
 + Level 3.1 Stealth
 + Level 1.0 Shields
 * Level 4.6 Spellcasting
 + Level 2.3 Conjurations
 + Level 1.1 Hexes
 + Level 4.0 Fire Magic


You had 5 spell levels left.
You knew the following spells:

 Your Spells              Type           Power        Failure   Level  Hunger
a - Flame Tongue          Conj/Fire      ###..        3%          1    None
b - Throw Flame           Conj/Fire      ###...       4%          2    #......
c - Conjure Flame         Conj/Fire      ###.....     7%          3    ###....
d - Inner Flame           Hex/Fire       ##......     9%          3    ###....


Dungeon Overview and Level Annotations

Branches:
Dungeon (4/15)
 Temple: D:4-7

Altars:
The Shining One

Annotations:
D:4 Ajdolov's ghost, average DEWz


Message History

You barely miss the centaur.
The centaur is severely wounded.
You block the centaur's attack.
The iguana bites you but does no damage.
The centaur hits you but does no damage.
You hit the centaur.
You kill the centaur!
Your Fire Magic skill increases to level 4!
You have reached level 6!
Your experience leads to an increase in your attributes!
Your base attributes are Str 5, Int 21, Dex 15.
Increase (S)trength, (I)ntelligence, or (D)exterity?
You feel clever.
The iguana bites you but does no damage.
Unknown command.
You barely miss the iguana. The iguana bites you!
* * * LOW HITPOINT WARNING * * *
Ajdolov's ghost points at you and mumbles some strange words.
The magic dart hits you!
You die...

.########.######.#.....#.#
#............#..####.#
#.####.##.#########.....#.#
#..........# #...#.#.#
####......# ######...#....
#...#.###.........#...#
#...#.......####.<....#
#####.......##....#...#
#.♣.....##.#>.#...#
#.l)....W..#...##.#
#.................#
..........)..........
#.................#.###
.....................#
......(.....##########
.......(..### ........[.#


You could see an iguana and Ajdolov's ghost.

Vanquished Creatures
  A centaur (D:4)
  Ijyb (D:2)
  2 worker ants (D:4)
  Robin (D:2)
  4 adders
  2 oozes
  3 worms (D:3)
  An orc (D:3)
  5 giant cockroaches
  14 goblins
  14 hobgoblins
  7 jackals
  10 kobolds
  2 quokkas
  2 ball pythons
  4 bats
  4 giant geckos
  A giant gecko skeleton (D:4)
  4 giant newts
  8 rats
90 creatures vanquished.

Notes
Turn   | Place    | Note
--------------------------------------------------------------
     0 | D:1      | Kidiri the Deep Elf Fire Elementalist began the quest for the Orb.
     0 | D:1      | Reached XP level 1. HP: 10/10 MP: 6/6
   478 | D:1      | Reached XP level 2. HP: 12/15 MP: 5/8
   482 | D:1      | Learned a level 2 spell: Throw Flame
  1527 | D:2      | Reached XP level 3. HP: 15/20 MP: 3/9
  1600 | D:2      | Learned a level 3 spell: Conjure Flame
  1801 | D:2      | Noticed Ijyb
  1805 | D:2      | Noticed Robin
  1899 | D:2      | Killed Ijyb
  1899 | D:2      | Reached XP level 4. HP: 13/24 MP: 0/11
  1916 | D:1      | Learned a level 3 spell: Inner Flame
  2350 | D:2      | Killed Robin
  2352 | D:2      | Got a distressingly furry helmet
  2358 | D:2      | Identified the cursed +0 helmet of Lugonu's Envy {Int+4} (You took it off Robin on level 2 of the Dungeon)
  2993 | D:1      | Reached skill level 4 in Spellcasting
  3412 | D:3      | Reached XP level 5. HP: 28/28 MP: 13/13
  3681 | D:3      | Found a glowing golden altar of the Shining One.
  3840 | D:3      | Reached skill level 1 in Hexes
  4216 | D:4      | Noticed Ajdolov's ghost (average DEWz)
  4325 | D:4      | Reached skill level 1 in Fighting
  4325 | D:4      | Reached skill level 1 in Shields
  4452 | D:4      | Reached skill level 1 in Armour
  4607 | D:4      | Noticed a centaur
  4632 | D:4      | Killed a centaur
  4632 | D:4      | Reached XP level 6. HP: 9/34 MP: 13/15
  4633 | D:4      | HP: 1/51 [iguana (8)]
  4633 | D:4      | Killed from afar by Ajdolov's ghost

Vault maps used:
D:1:      saegor_arrival_simple_c, st_stairs_7
D:2:      minmay_close_crescents, uniq_robin, uniq_iyjb
D:3:      overflow_temple_1_default, first_bread

Action                   |  1- 3 |  4- 6 || total
-------------------------+-------+-------++-------
Melee: Short sword       |    56 |    83 ||   139
       Unarmed           |     1 |       ||     1
 Cast: Flame Tongue      |    46 |    54 ||   100
       Conjure Flame     |     1 |     3 ||     4
       Throw Flame       |       |    21 ||    21
       Inner Flame       |       |     1 ||     1
  Use: Scroll            |     5 |     8 ||    13
       Potion            |     2 |     4 ||     6
 Stab: Sleeping          |     7 |    12 ||    19
  Eat: Bread ration      |     1 |       ||     1
       Chunk             |       |     6 ||     6
       Meat ration       |       |     1 ||     1
